 Dungeon Crawl Stone Soup version 0.23.0 (webtiles) character file.

Game seed: 4932274475452168091

148841 Haldmier the Nimble (level 17, -2/103 HPs)
             Began as a Tengu Enchanter on Feb 13, 2019.
             Was the Champion of Ashenzari.
             Hit by a javelin of penetration thrown by a merfolk javelineer (15 damage)
             ... on level 4 of the Shoals on Feb 14, 2019.
             The game lasted 02:53:37 (40615 turns).

Haldmier the Nimble (Tengu Enchanter)              Turns: 40615, Time: 02:53:38

Health: -2/103     AC: 10    Str: 14    XL:     17   Next: 50%
Magic:  0/35       EV: 27    Int: 26    God:    Ashenzari [******]
Gold:   1757       SH: 16    Dex: 20    Spells: 6/26 levels left

rFire    + + .     SeeInvis +   q - +7 falchion of Wu Jian's Envy {elec, +Inv rC++ Dex+4 Stlth+} (curse)
rCold    + + .     Gourm    .   U - +3 shield of the Invisible Deaths {*Contam rF++ Str+4} (curse)
rNeg     . . .     Faith    .   C - +2 ring mail {rPois}
rPois    +         Spirit   +   Q - +2 hat (curse)
rElec    .         Reflect  .   g - scarf {Spirit} (curse)
rCorr    .         Harm     .   e - +0 pair of gloves (curse)
MR       ++...     Clarity  +   (boots unavailable)
Stlth    ++++++....             (no amulet)
HPRegen  0.27/turn              n - ring of magical power
MPRegen  0.24/turn              S - ring of Ephanir {MR+ Int+6 SInv}

@: flying quickly and evasively, quick
A: beak, talons 3, able to fly
a: Stop Flying, Curse Item, Scrying, Transfer Knowledge, Renounce Religion,
Evoke Invisibility


You were on level 4 of the Shoals.
You worshipped Ashenzari.
Ashenzari was exalted by your worship.
You were hungry.

You visited 5 branches of the dungeon, and saw 28 of its levels.
You also visited: Sewer, Ossuary and Volcano.

You collected 2887 gold pieces.
You spent 1130 gold pieces at shops.

Inventory:

Hand Weapons
 q - the cursed +7 falchion of Wu Jian's Envy (weapon) {elec, +Inv rC++ Dex+4 Stlth+}
   (You found it on level 11 of the Dungeon)

   Occasionally, upon striking a foe, it will discharge some electrical energy
   and cause terrible harm.
   It affects your dexterity (+4).
   It greatly protects you from cold.
   It lets you turn invisible.
   It makes you more stealthy.
   It has a curse placed upon it.
 K - a +6 demon trident of pain
Missiles
 m - 76 tomahawks (quivered)
 M - 7 throwing nets
Armour
 c - a +0 troll leather armour
 e - a cursed +0 pair of gloves (worn)
 g - a cursed scarf of spirit shield (worn)
 C - a +2 ring mail of poison resistance (worn)
 E - a +2 ring mail of magic resistance
 Q - a cursed +2 hat (worn)
 T - a +4 scale mail of fire resistance
 U - the cursed +3 shield of the Invisible Deaths (worn) {*Contam rF++ Str+4}
   (You found it on level 5 of the Lair of Beasts)

   It affects your strength (+4).
   It greatly protects you from fire.
   It causes magical contamination when unequipped.
   It has a curse placed upon it.
Jewellery
 n - a ring of magical power (left hand)
 u - an uncursed amulet of the gourmand
 y - an uncursed ring of resist corrosion
 P - an uncursed ring of ice
 R - an uncursed ring of positive energy
 S - the ring of Ephanir (right hand) {MR+ Int+6 SInv}
   (You found it on level 10 of the Dungeon)

   [ring of see invisible]

   It affects your intelligence (+6).
   It affects your resistance to hostile enchantments.
   It lets you see invisible.
Wands
 b - a wand of enslavement (9)
 f - a wand of flame (103)
 r - a wand of digging (10)
 s - a wand of paralysis (9)
 D - a wand of disintegration (22)
 L - a wand of iceblast (8)
 O - a wand of scattershot (11)
 V - a wand of polymorph (21)
Scrolls
 j - 12 scrolls of teleportation
 k - 11 scrolls of remove curse
 p - 6 scrolls of magic mapping
 w - 3 scrolls of immolation
 x - 2 scrolls of blinking
 B - 8 scrolls of identify
 I - a scroll of silence
 J - a scroll of fog
 W - 3 scrolls of fear
 X - a scroll of enchant armour
 Y - a scroll of amnesia
Potions
 a - 3 potions of haste
 i - 4 potions of heal wounds
 l - 5 potions of brilliance
 o - 6 potions of cancellation
 t - 14 potions of curing
 v - 2 potions of mutation
 z - 2 potions of agility
 A - 5 potions of resistance
 F - 2 potions of magic
 G - 6 potions of might
 H - 6 potions of lignification
 N - 3 potions of invisibility
 Z - 3 potions of berserk rage
Comestibles
 d - 49 rations
 h - 6 chunks of flesh


   Skills:
 - Level 10.3 Fighting
   Level 10.0(11.2) Short Blades
 - Level 8.3(14.0) Long Blades
 - Level 13.2(15.8) Dodging
 - Level 12.0 Stealth
 + Level 11.5(14.2) Shields
 + Level 5.4 Spellcasting
 + Level 12.5 Conjurations
 - Level 8.0 Hexes
 - Level 4.0 Translocations
 - Level 5.0 Ice Magic
 * Level 9.8 Air Magic


You had 6 spell levels left.
You knew the following spells:

 Your Spells              Type           Power        Failure   Level  Hunger
a - Corona                Hex            #####..      1%          1    None
b - Ensorcelled Hibernat  Hex/Ice        #####.       1%          2    None
c - Confuse               Hex            #####...     1%          3    #......
d - Tukima's Dance        Hex            #####...     1%          3    #......
e - Dazzling Spray        Conj/Hex       ######       1%          3    #......
f - Blink                 Tloc           N/A          4%          2    None
g - Freezing Cloud        Conj/Ice/Air   ######....   52%         6    ######.

Your spell library contained the following spells:

 Spells                   Type           Power        Failure   Level  Hunger
 Magic Dart               Conj           ####         1%          1    None
 Sting                    Conj/Pois      ####         1%          1    None
 Slow                     Hex            #####...     1%          2    None
 Mephitic Cloud           Conj/Pois/Air  #####...     2%          3    #......
 Poisonous Vapours        Pois/Air       ####..       3%          2    None
 Conjure Flame            Conj/Fire      #####...     3%          3    #......
 Animate Skeleton         Necr           N/A          17%         1    None
 Beastly Appendage        Tmut           #.....       17%         1    None
 Pain                     Necr           #...         17%         1    None
 Summon Lightning Spire   Summ/Air       ####....     22%         4    ###....
 Call Imp                 Summ           #.......     26%         2    None
 Sticks to Snakes         Tmut           #.......     26%         2    None
 Metabolic Englaciation   Hex/Ice        #####.....   32%         5    #####..
 Venom Bolt               Conj/Pois      #####.....   34%         5    #####..
 Regeneration             Chrm/Necr      #.........   45%         3    #......
 Spider Form              Tmut/Pois      #.........   45%         3    #......
 Vampiric Draining        Necr           #.........   45%         3    #......
 Ice Form                 Ice/Tmut       ###.....     52%         4    ###....
 Bolt of Cold             Conj/Ice       ######....   56%         6    ######.
 Animate Dead             Necr           N/A          86%         4    ###....
 Olgreb's Toxic Radiance  Pois           #.......     86%         4    ###....
 Ozocubu's Refrigeration  Ice            ####......   97%         6    ######.
 Blade Hands              Tmut           #.........   99%         5    #####..
 Excruciating Wounds      Chrm/Necr      #.........   99%         5    #####..
 Simulacrum               Ice/Necr       ###.......   100%        6    ######.


Dungeon Overview and Level Annotations

Branches:
Dungeon (15/15)            Temple (1/1) D:6            Lair (6/6) D:10
 Shoals (4/4) Lair:2       Spider (0/4) Lair:4        Slime (0/5) Lair:6
    Orc (2/2) D:12            Elf (0/3) Orc:2        Vaults (0/5) D:14
 Depths (0/5) D:15

Altars:
Ashenzari
Cheibriados
Dithmenos
Elyvilon
Fedhas
Gozag
Hepliaklqana
Kikubaaqudgha
Makhleb
Nemelex Xobeh
Okawaru
Qazlal
Ru
Sif Muna
Trog
Uskayaw
Vehumet
Wu Jian
Xom
Yredelemnul
Zin
The Shining One
Beogh
Jiyva

Shops:
D:10 ?!:**   D:15 (   Orc:2 %*?[!

Annotations:
D:12 Rupert
D:14 Frances
Lair:6 1 runed translucent door, Puepiyp's ghost, journeyman VSTm
Orc:2 Snorg


Innate Abilities, Weirdness & Mutations

You have a beak for a mouth.
You have claws for feet.
You can fly continuously.


Message History

Your +1 spear of venom closely misses the merfolk javelineer.
The merfolk javelineer throws a javelin of penetration.
The javelin of penetration completely misses you.
You hear a splash.
Your +1 spear of venom hits the merfolk javelineer from afar!
You hit the merfolk javelineer.
Lightning courses through the merfolk javelineer!
You claw the merfolk javelineer! You peck the merfolk javelineer.
The merfolk javelineer is almost dead.
The merfolk javelineer throws a javelin of penetration.
The javelin of penetration pierces through you!
* * * LOW HITPOINT WARNING * * *
You hear a splash.
Your +1 spear of venom barely misses the merfolk javelineer.
You closely miss the merfolk javelineer.
Your kick misses the merfolk javelineer.
The merfolk javelineer is almost dead.
The merfolk javelineer throws a javelin of penetration.
The javelin of penetration pierces through you!
You die...

#### ##..≈≈≈≈≈≈≈≈≈≈≈≈≈≈PP *≈≈≈
...###....≈≈≈≈≈≈≈≈≈≈PPPPP≈ ≈
≈≈ ..###.......≈≈≈≈≈P≈≈≈P≈PP≈≈
*≈ ####...##.....≈≈.PPPP≈P≈≈≈≈
* * ##..≈≈###.......P(P....≈ ≈
≈ ##...≈≈...≈......(....≈≈≈≈,≈
≈ ≈
....≈.≈≈...≈≈≈.)....##****,,,
≈≈ ..≈≈≈≈≈≈≈≈≈≈≈≈≈..m.#≈≈≈≈≈*
,≈ ≈
.≈≈≈≈≈≈≈≈≈≈≈≈≈≈≈@[#≈#≈≈≈,≈* ,,
..≈≈≈≈≈)≈≈≈≈≈≈≈≈≈#≈#≈≈≈ ≈ ,, ≈
[≈≈≈≈≈≈≈≈≈≈≈≈≈≈≈≈#≈≈≈≈≈≈ , ,,
≈
≈≈≈≈≈≈≈≈≈≈≈≈≈≈≈≈≈#≈≈≈≈##≈≈≈*,,
, ≈≈≈≈≈≈≈≈≈≈≈≈≈≈≈≈≈#m≈#≈# ,≈*
, ≈
.≈≈≈≈≈≈≈≈≈≈≈≈≈≈≈≈#≈≈≈≈≈(∆*≈ *
* ...≈≈≈≈≈≈≈≈≈≈≈≈≈≈##≈....#≈ ,
, ...≈≈≈≈≈≈≈≈≈≈≈≈≈≈≈*#≈≈≈≈≈ ,
....≈≈≈≈≈≈≈≈≈≈≈≈≈≈≈*** *≈≈ ≈,
,


You could see a merfolk javelineer and a friendly +1 spear of venom.

Vanquished Creatures
  4 krakens (Shoals:2)
  Louise (D:14)
  Josephine (D:14)
  3 merfolk impalers
  7 hydras
  2 merfolk avatars
  8 two-headed ogres
  An alligator snapping turtle (Shoals:2)
  A merfolk aquamancer (Shoals:2)
  2 ogre magi
  2 centaur warriors
  3 death yaks
  A catoblepas (D:14)
  2 satyrs (Shoals:3)
  A death knight (D:13)
  An orc high priest (Orc:2)
  A hell knight (Volcano)
  A salamander mystic (Volcano)
  3 unseen horrors
  5 sea snakes
  A deep elf archer (D:14)
  4 deep elf magi
  A phantasmal warrior (D:13)
  Pikel (D:6)
  7 orc knights
  A wolf spider zombie (D:15)
  11 harpies
  A wolf spider (Lair:6)
  13 ugly things
  8 fauns
  5 orc sorcerers
  5 salamanders (Volcano)
  8 cyclopes
  7 manticores
  8 merfolk sirens
  14 elephants
  A naga mage (D:15)
  A guardian serpent (Lair:6)
  12 black mambas
  10 spiny frogs
  3 water nymphs
  2 gargoyles
  2 rime drakes (Lair:6)
  A freezing wraith (D:13)
  A redback zombie (D:14)
  4 komodo dragons
  An efreet (D:15)
  7 trolls
  17 merfolk
  2 wind drakes
  2 polar bears
  3 slime creatures (D:14)
  4 hornets
  10 hippogriffs
  18 dream sheep
  10 blink frogs
  10 snapping turtles
  5 redbacks (Lair:6)
  A spriggan (shapeshifter) (D:15)
  An air elemental (D:13)
  A vampire (D:15)
  12 water elementals
  A shadow (D:11)
  47 yaks
  4 hungry ghosts
  13 wyverns
  7 humans (D:7)
  5 wraiths
  A fire elemental (D:13)
  A basilisk (Lair:6)
  9 vampire mosquitoes
  A warg (Orc:2)
  Edmund (D:7)
  3 acid dragons
  22 water moccasins
  5 porcupines
  37 orc warriors
  2 phantoms
  2 sky beasts
  A slave (D:6)
  A hornet zombie (D:12)
  An ice beast (D:8)
  3 black bears
  A necrophage (D:10)
  11 ogres
  A boggart (D:14)
  12 crocodiles
  19 centaurs
  4 big kobolds
  2 elf zombies (Ossuary)
  12 bullfrogs
  An earth elemental (D:13)
  A gnoll sergeant (D:7)
  A wyvern zombie (D:15)
  A water moccasin zombie (D:7)
  6 scorpions
  9 wights
  5 crimson imps
  A quasit (D:7)
  7 hounds
  3 jellies
  2 centaur zombies
  5 orc priests
  2 human zombies (Ossuary)
  26 orc wizards
  3 bullfrog skeletons
  3 iguanas
  11 worker ants
  2 mummies (Ossuary)
  2 hound skeletons
  A worker ant zombie (D:10)
  A howler monkey zombie (D:7)
  4 gnolls (D:7)
  11 adders
  6 shadow imps
  An ooze (D:2)
  A worm zombie (D:7)
  An adder zombie (Ossuary)
  An adder skeleton (D:5)
  3 worms
  3 dart slugs
  8 leopard geckos
  85 orcs
  A ball python (D:4)
  10 bats
  2 giant cockroaches
  14 goblins
  10 hobgoblins
  12 jackals
  13 kobolds
  8 quokkas
  6 frilled lizards
  9 hobgoblin zombies
  3 jackal zombies (Ossuary)
  11 kobold zombies (Ossuary)
  8 orc zombies (Ossuary)
  A quokka skeleton (D:4)
  19 rats
  2 plants
  17 tentacles (Shoals:2)
878 creatures vanquished.

Vanquished Creatures (others)
  5 dancing weapons
  2 orcs (Orc:2)
  A jackal skeleton (D:6)
  11 fungi (Lair:6)
  13 plants
  46 tentacles (Shoals:2)
78 creatures vanquished.

Grand Total: 956 creatures vanquished

Notes
Turn   | Place    | Note
-------+----------+-------------------------------------------
     0 | D:1      | Haldmier the Tengu Enchanter began the quest for the Orb.
     0 | D:1      | Reached XP level 1. HP: 10/10 MP: 4/4
   281 | D:1      | Reached XP level 2. HP: 15/15 MP: 1/6
   331 | D:1      | Learned a level 2 spell: Ensorcelled Hibernation
   858 | D:1      | Reached XP level 3. HP: 19/19 MP: 5/7
  1990 | D:1      | Learned a level 3 spell: Confuse
  2093 | D:2      | Reached skill level 1 in Ice Magic
  2135 | D:2      | Found an opulent altar of Gozag.
  2156 | D:2      | Reached XP level 4. HP: 24/24 MP: 3/8
  2363 | D:2      | Found a white marble altar of Elyvilon.
  3215 | D:3      | Gained mutation: You can fly continuously. [Tengu growth]
  3215 | D:3      | Reached XP level 5. HP: 28/28 MP: 2/9
  3219 | D:3      | Reached skill level 3 in Dodging
  4164 | D:3      | Reached XP level 6. HP: 32/32 MP: 5/10
  4259 | D:3      | Found an ornate altar of the Wu Jian Council.
  4261 | D:3      | Noticed a phantom
  5143 | D:4      | Reached XP level 7. HP: 20/36 MP: 4/12
  5149 | D:4      | Found a glowing drain.
  5216 | Sewer    | Entered a sewer
  5430 | Sewer    | Found a white marble altar of Elyvilon.
  5683 | D:4      | Learned a level 3 spell: Tukima's Dance
  5687 | D:4      | Learned a level 3 spell: Dazzling Spray
  6600 | D:5      | Entered Level 5 of the Dungeon
  6634 | D:5      | Reached skill level 1 in Conjurations
  6766 | D:5      | Reached skill level 4 in Dodging
  7233 | D:5      | Found a snail-covered altar of Cheibriados.
  7281 | D:5      | Reached XP level 8. HP: 38/41 MP: 8/13
  7367 | D:5      | Reached skill level 5 in Short Blades
  7653 | D:6      | Found a staircase to the Ecumenical Temple.
  7662 | Temple   | Entered the Ecumenical Temple
  7673 | Temple   | Became a worshipper of Ashenzari the Shackled
  8046 | D:6      | Noticed Pikel
  8069 | D:6      | Killed Pikel
  8256 | D:6      | Reached skill level 5 in Stealth
  8382 | D:5      | Reached XP level 9. HP: 30/45 MP: 10/15
  8920 | D:7      | Reached skill level 5 in Dodging
  9090 | D:7      | Found a sand-covered staircase.
  9177 | Ossuary  | Entered an ossuary
 10394 | D:7      | Found a runed translucent door.
 10530 | D:7      | Found a runed translucent door.
 10567 | D:7      | Noticed Edmund
 10582 | D:7      | Reached skill level 5 in Conjurations
 10591 | D:7      | Reached XP level 10. HP: 50/50 MP: 15/17
 10618 | D:7      | Reached skill level 6 in Dodging
 10829 | D:7      | Killed Edmund
 10935 | D:7      | Found a runed translucent door.
 10935 | D:7      | Found a runed translucent door.
 11280 | D:8      | Reached skill level 5 in Hexes
 11325 | D:8      | Reached skill level 7 in Dodging
 11550 | D:8      | Reached * piety under Ashenzari
 11854 | D:8      | Learned a level 2 spell: Blink
 11891 | D:8      | Reached skill level 10 in Short Blades
 11891 | D:8      | Reached XP level 11. HP: 54/54 MP: 18/18
 11955 | D:8      | Found a radiant altar of Vehumet.
 12044 | D:8      | Reached skill level 1 in Fighting
 12044 | D:8      | Reached skill level 1 in Translocations
 12998 | D:9      | Found an iron altar of Okawaru.
 12998 | D:9      | Found a stormy altar of Qazlal.
 13541 | D:10     | Entered Level 10 of the Dungeon
 13571 | D:10     | Noticed a two-headed ogre
 13743 | D:10     | Killed a two-headed ogre
 13922 | D:10     | Reached skill level 8 in Dodging
 14016 | D:10     | Found Miniosy's Distillery.
 14034 | D:10     | Found Wikaerir's Magic Scroll Emporium.
 14057 | D:10     | Bought a potion of degeneration for 14 gold pieces
 14105 | D:10     | Found a staircase to the Lair.
 14229 | D:10     | Found Wighab's General Store.
 14277 | D:10     | Bought a scroll of remove curse for 33 gold pieces
 14277 | D:10     | Bought a scroll of identify for 22 gold pieces
 14277 | D:10     | Bought a potion of agility for 44 gold pieces
 14321 | D:10     | Found a burning altar of Makhleb.
 14364 | D:10     | Found Voshrov's Book Shop.
 14471 | D:10     | Identified the ring of Ephanir {MR+ Int+6 SInv}
 14493 | D:10     | Found Xen Sonu's Assorted Antiques.
 14579 | D:10     | Bought a glowing hat for 175 gold pieces
 14579 | D:10     | Bought a scroll labeled PAEMNI YROFFO for 25 gold pieces
 14587 | D:10     | Bought a metallic purple potion for 22 gold pieces
 14587 | D:10     | Bought a scroll labeled DYFIDI LOITU for 25 gold pieces
 14684 | Lair:1   | Entered Level 1 of the Lair of Beasts
 14710 | Lair:1   | Reached ** piety under Ashenzari
 14843 | Lair:1   | Noticed an eight-headed hydra
 15544 | Lair:1   | Reached XP level 12. HP: 66/66 MP: 19/19
 15640 | Lair:1   | Killed an eight-headed hydra
 16082 | Lair:2   | Reached *** piety under Ashenzari
 16250 | Lair:2   | Reached skill level 9 in Dodging
 16256 | Lair:2   | Found a staircase to the Shoals.
 17589 | Lair:4   | Found a hole to the Spider Nest.
 17703 | Lair:4   | Reached skill level 5 in Fighting
 17865 | Lair:4   | Reached skill level 5 in Ice Magic
 18120 | Lair:4   | Reached **** piety under Ashenzari
 18727 | Lair:4   | Identified a scroll of acquirement
 19042 | Lair:5   | Got the uncursed shield of the Invisible Deaths {*Contam
                  | rF++ Str+4}
 19164 | Lair:5   | Reached skill level 1 in Shields
 19180 | Lair:5   | Reached skill level 10 in Stealth
 19200 | Lair:5   | Noticed a five-headed hydra
 19203 | Lair:5   | Reached XP level 13. HP: 74/74 MP: 15/20
 19860 | Lair:5   | Identified the +8 hand axe "Myoru" {freeze, Int-5 Dex+4}
 20237 | Lair:6   | Entered Level 6 of the Lair of Beasts
 20364 | Lair:5   | Identified the +3 shield of the Invisible Deaths {*Contam
                  | rF++ Str+4} (You found it on level 5 of the Lair of Beasts)
 20476 | Lair:6   | Reached skill level 5 in Shields
 20498 | Lair:6   | Found a dark tunnel.
 20506 | Volcano  | Entered a volcano
 20645 | Volcano  | Reached XP level 14. HP: 64/79 MP: 15/21
 20834 | Lair:6   | Reached skill level 10 in Shields
 21046 | Lair:6   | Found a staircase to the Slime Pits.
 21046 | Lair:6   | Found a viscous altar of Jiyva.
 21052 | Lair:6   | Reached skill level 10 in Dodging
 21585 | Lair:6   | Reached ***** piety under Ashenzari
 21966 | Lair:6   | Identified the cursed -2 buckler "Rahomi" {+Fly}
 22428 | Lair:6   | Reached XP level 15. HP: 86/86 MP: 22/22
 22463 | Lair:6   | Reached skill level 11 in Dodging
 22577 | Lair:6   | Found a runed translucent door.
 22578 | Lair:6   | Noticed Puepiyp's ghost (journeyman VSTm)
 22578 | Lair:6   | Identified the +3 spear of Profit {holy, -Tele +Rage MP+9
                  | Str+5}
 24313 | D:11     | Identified the +7 falchion of Wu Jian's Envy {elec, +Inv
                  | rC++ Dex+4 Stlth+}
 24545 | D:11     | Reached skill level 1 in Long Blades
 24904 | D:12     | Found a staircase to the Orcish Mines.
 25001 | D:12     | Noticed Rupert
 25032 | Orc:1    | Entered Level 1 of the Orcish Mines
 25146 | Orc:2    | Entered Level 2 of the Orcish Mines
 25675 | Orc:2    | HP: 2/89 [orc knight/bolt (15)]
 26517 | Orc:2    | Found Qiocracomp's General Store.
 26517 | Orc:2    | Found Fouxima's Magic Scroll Boutique.
 26517 | Orc:2    | Found Nofenyus's Armour Shop.
 26520 | Orc:2    | Found Umpaep's Food Emporium.
 26597 | Orc:2    | Found Zeopto's Distillery.
 26603 | Orc:2    | Bought a potion of heal wounds for 55 gold pieces
 26650 | Orc:2    | Found a staircase to the Elven Halls.
 26734 | Orc:2    | Noticed Snorg
 26878 | Orc:2    | Found a runed translucent door.
 27006 | Orc:2    | Found a roughly hewn altar of Beogh.
 27421 | Orc:1    | Reached skill level 5 in Long Blades
 27675 | D:12     | Reached ****** piety under Ashenzari
 27858 | D:12     | Found a snail-covered altar of Cheibriados.
 28133 | D:12     | Reached skill level 12 in Dodging
 28223 | D:12     | Paralysed by Rupert for 5 turns
 28576 | D:13     | Identified the +12 shortbow "Xishruo" {speed, rElec Dex+5}
 28583 | D:13     | Found a large runed translucent door.
 28584 | D:13     | Found a large runed translucent door.
 30643 | D:14     | Reached XP level 16. HP: 96/96 MP: 23/23
 30701 | D:14     | Noticed Frances
 31003 | D:14     | Found a gate to the Vaults.
 31086 | D:14     | Noticed Josephine
 31122 | D:14     | Killed Josephine
 31300 | D:14     | Found an opulent altar of Gozag.
 31363 | D:14     | Noticed Louise
 31537 | D:14     | Killed Louise
 31728 | D:15     | Entered Level 15 of the Dungeon
 31762 | D:14     | Reached skill level 10 in Fighting
 32350 | D:15     | Found a staircase to the Depths.
 32362 | D:15     | Reached skill level 10 in Conjurations
 32575 | D:15     | Reached skill level 13 in Dodging
 32985 | D:15     | Found Comiam's Weapon Shop.
 33329 | D:10     | Bought a book of Ice for 715 gold pieces
 33336 | D:10     | Learned a level 6 spell: Freezing Cloud
 33403 | Shoals:1 | Entered Level 1 of the Shoals
 33416 | Shoals:1 | Reached skill level 1 in Air Magic
 33639 | Shoals:2 | Noticed a kraken
 33639 | Shoals:2 | Noticed a kraken
 33639 | Shoals:2 | Noticed a kraken
 33639 | Shoals:2 | Noticed a kraken
 33658 | Shoals:2 | Killed a kraken
 34094 | Shoals:2 | HP: 1/98 [water nymph/the raging water (19)]
 35705 | Shoals:1 | Reached skill level 5 in Air Magic
 36147 | Shoals:1 | Identified the Grimoire of Floating Aid
 36451 | Shoals:2 | Killed a kraken
 36530 | Shoals:2 | Reached XP level 17. HP: 59/103 MP: 24/24
 37497 | Shoals:2 | Killed a kraken
 37654 | Shoals:2 | Killed a kraken
 39484 | Shoals:3 | Reached skill level 5 in Spellcasting
 40250 | Shoals:4 | Entered Level 4 of the Shoals
 40611 | Shoals:4 | HP: 3/103 [merfolk javelineer/javelin of penetration (14)]
 40615 | Shoals:4 | Hit by a javelin of penetration thrown by a merfolk
                  | javelineer

Skill      XL: |  1  2  3  4  5  6  7  8  9 10 11 12 13 14 15 16 17 |
---------------+----------------------------------------------------+-----
Short Blades   | 2 3 4 6 8 10 | 10.0
Ice Magic      | 1 2 3 4 5 |  5.0
Dodging        | 3 4 5 7 8 9 10 12 13 | 13.2
Stealth        | 4 5 6 7 8 10 11 12 | 12.0
Spellcasting   | 3 4 5 |  5.4
Hexes          | 3 4 5 6 7 8 |  8.0
Conjurations   | 1 3 5 6 8 11 12 | 12.5
Fighting       | 4 5 7 9 10 | 10.3
Translocations | 3 4 |  4.0
Shields        | 1 9 10 11 | 11.5
Long Blades    | 7 8 |  8.3
Air Magic      | 6 9 |  9.8

Action                   |  1- 3 |  4- 6 |  7- 9 | 10-12 | 13-15 | 16-18 || total
-------------------------+-------+-------+-------+-------+-------+-------++-------
Melee: Dagger            |    90 |   162 |   362 |   351 |   449 |       ||  1414
       Kick              |    13 |    31 |   115 |    85 |   324 |   434 ||  1002
       Peck              |     8 |    19 |    68 |    44 |   223 |   314 ||   676
       Falchion          |       |       |       |       |   429 |  1018 ||  1447
Throw: Stone             |     1 |     4 |       |       |       |       ||     5
       Tomahawk          |       |       |     5 |       |       |    12 ||    17
 Cast: Corona            |     8 |     4 |     4 |     8 |     4 |     3 ||    31
       Ensorcelled Hiber |    13 |    44 |    60 |   160 |   150 |     1 ||   428
       Confuse           |       |     4 |    23 |    12 |     5 |       ||    44
       Tukima's Dance    |       |       |    12 |     5 |    12 |    14 ||    43
       Dazzling Spray    |       |       |     6 |    12 |   100 |    14 ||   132
       Blink             |       |       |       |       |     6 |       ||     6
Invok: Curse Item        |       |       |       |     4 |     2 |       ||     6
 Abil: Fly               |       |     1 |       |       |       |     2 ||     3
       Stop Flying       |       |       |       |       |       |     2 ||     2
Evoke: Wand              |       |       |       |       |     1 |       ||     1
  Use: Potion            |     1 |     1 |     1 |       |     2 |     2 ||     7
       Scroll            |       |     5 |     6 |    11 |     8 |     1 ||    31
 Stab: Sleeping          |    17 |    26 |    31 |   107 |   102 |    24 ||   307
       Distracted        |     1 |       |       |     2 |       |     3 ||     6
       Confused          |       |     1 |    12 |     8 |     1 |       ||    22
       Invisible         |       |       |     3 |     7 |    40 |     2 ||    52
  Eat: Chunk             |     5 |    12 |    20 |    26 |    35 |    27 ||   125
       Ration            |       |       |     1 |     1 |     1 |     2 ||     5
Armor: Robe              |    15 |    27 |     3 |       |       |       ||    45
       Leather armour    |       |       |    36 |     8 |     1 |       ||    45
       Ring mail         |       |       |       |    16 |    42 |    36 ||    94
       Scale mail        |       |       |       |       |    46 |     5 ||    51
Dodge: Dodged            |    62 |   113 |   196 |   173 |   498 |   495 ||  1537
Block: Shield            |       |       |       |       |   539 |   539 ||  1078
       Rpst.: Falchion   |       |       |       |       |    47 |   125 ||   172
